 Dungeon Crawl Stone Soup version 0.21.1-1-g345015f (webtiles) character file.

462 Wander the Bolt Thrower (level 7, 54/54 HPs)
             Began as a Human Wanderer on Apr 18, 2018.
             Quit the game in the Ecumenical Temple on Apr 19, 2018.
             The game lasted 00:10:49 (3516 turns).

Wander the Bolt Thrower (Human Wanderer)            Turns: 3516, Time: 00:10:49

Health: 54/54      AC: 10    Str: 20    XL:     7   Next: 28%
Magic:  7/7        EV:  9    Int: 11    God:
Gold:   275        SH:  4    Dex: 13    Spells: 6/6 levels left

rFire    . . .     SeeInvis .   a - +2 hand crossbow
rCold    . . .     Gourm    .   w - +0 buckler
rNeg     . . .     Faith    .   d - +0 ring mail
rPois    .         Spirit   +   (no helmet)
rElec    .         Reflect  .   (no cloak)
rCorr    .         Harm     .   x - +0 pair of gloves
MR       .....                  (no boots)
Stlth    +.........             g - amulet of guardian spirit
HPRegen  0.18/turn              j - +4 ring of protection
MPRegen  0.10/turn              v - +5 ring of strength

@: no status effects
A: no striking features
a: no special abilities


You were in the Ecumenical Temple.
You were not hungry.

You visited 2 branches of the dungeon, and saw 5 of its levels.

You collected 275 gold pieces.

Inventory:

Hand Weapons
 a - a +2 hand crossbow (weapon)
 l - a +0 whip
Missiles
 b - 14 bolts (quivered)
Armour
 d - a +0 ring mail (worn)
 h - a +0 shield
 w - a +0 buckler (worn)
 x - a +0 pair of gloves (worn)
Jewellery
 g - an amulet of guardian spirit (around neck)
 j - a +4 ring of protection (left hand)
 v - a +5 ring of strength (right hand)
 y - a cursed ring of teleportation {unknown}
Scrolls
 i - 2 scrolls of remove curse
 m - 2 scrolls of enchant weapon {unknown}
 q - a scroll of random uselessness {unknown}
 t - a scroll of immolation {unknown}
Potions
 c - 3 potions of curing
 n - a potion of haste {unknown}
 p - 2 potions of lignification {unknown}
 r - 2 potions of heal wounds
 s - a potion of mutation {unknown}
 u - a potion of cancellation {unknown}
Books
 o - a book of Maledictions

   Spells                             Type                      Level
   a - Corona                         Hexes                        1
   b - Ensorcelled Hibernation        Hexes/Ice                    2
   c - Confuse                        Hexes                        3
   d - Tukima's Dance                 Hexes                        3
   e - Dazzling Spray                 Conjuration/Hexes            3
Comestibles
 f - 11 rations


   Skills:
 - Level 4.0 Fighting
   Level 1.0 Axes
 + Level 7.1 Crossbows
 - Level 2.0 Armour
 - Level 1.1 Shields
   Level 1.0 Evocations


You had 6 spell levels left.
You didn't know any spells.

Dungeon Overview and Level Annotations

Branches:
Dungeon (4/15)             Temple (1/1) D:4

Altars:
Ashenzari
Cheibriados
Dithmenos
Elyvilon
Hepliaklqana
Kikubaaqudgha
Makhleb
Okawaru
Qazlal
Ru
Sif Muna
Trog
Uskayaw
Vehumet
Wu Jian
Yredelemnul
Zin
The Shining One


Message History

Unknown command.
Press < or > to pray at altars.
You kneel at the altar of Hepliaklqana.
There is a shadowy altar of Dithmenos here.
There is a glowing golden altar of the Shining One here.
There is a glowing silver altar of Zin here.
There is a deep blue altar of Sif Muna here.
There is a snail-covered altar of Cheibriados here.
There is a stormy altar of Qazlal here.
There is an ancient bone altar of Kikubaaqudgha here.
There is an ornate altar of the Wu Jian Council here.
You kneel at the altar of Wu Jian.
There is a radiant altar of Vehumet here.
There is a shattered altar of Ashenzari here.
There is a white marble altar of Elyvilon here.
There is a burning altar of Makhleb here.
You kneel at the altar of Makhleb.
Welcome back, Wander the Human Wanderer.
Press ? for a list of commands and other information.
Are you sure you want to abandon this character and quit the game? (Confirm with "yes".)

#..≈≈≈≈.≈≈≈≈..#
#_.≈≈≈...≈≈≈._#
#......<......#
#_.≈≈≈...≈≈≈._#
#..≈≈≈≈.≈≈≈≈..#
#_..≈≈≈.≈≈≈.._#
##...≈≈.≈≈...##
##_......._##
##.@._._.##
#########


There were no monsters in sight!

Vanquished Creatures
  2 ogres (D:4)
  A hound (D:4)
  2 iguanas (D:4)
  10 adders
  4 gnolls
  An ooze (D:3)
  4 dart slugs (D:1)
  4 orcs
  A ball python (D:1)
  10 bats
  4 giant cockroaches
  7 goblins
  8 hobgoblins
  8 jackals
  4 kobolds
  2 quokkas
  6 frilled lizards
  7 rats
85 creatures vanquished.

Notes
Turn   | Place    | Note
-------+----------+-------------------------------------------
     0 | D:1      | Wander the Human Wanderer began the quest for the Orb.
     0 | D:1      | Wander set off with: a +2 hand crossbow, 26 bolts, a potion of curing, a +0 ring mail, a ration
     0 | D:1      | Reached XP level 1. HP: 19/19 MP: 1/1
   140 | D:1      | Reached XP level 2. HP: 25/25 MP: 2/2
   156 | D:1      | Reached skill level 2 in Crossbows
   357 | D:1      | Reached XP level 3. HP: 30/30 MP: 3/3
   445 | D:1      | Reached skill level 3 in Crossbows
   921 | D:2      | Reached XP level 4. HP: 33/37 MP: 4/4
  1050 | D:2      | Found a faded altar of an unknown god.
  1085 | D:2      | Reached skill level 4 in Crossbows
  1965 | D:3      | Reached XP level 5. HP: 42/42 MP: 5/5
  2079 | D:3      | Reached skill level 5 in Crossbows
  2588 | D:3      | Reached XP level 6. HP: 48/48 MP: 6/6
  2834 | D:4      | Noticed an ogre
  2838 | D:4      | HP: 2/48 [ogre/giant club (21)]
  2840 | D:4      | Killed an ogre
  2840 | D:4      | Reached skill level 6 in Crossbows
  3248 | D:4      | Reached XP level 7. HP: 42/54 MP: 7/7
  3300 | D:4      | Found a staircase to the Ecumenical Temple.
  3380 | D:4      | Reached skill level 7 in Crossbows
  3437 | Temple   | Entered the Ecumenical Temple
  3516 | Temple   | Quit the game

Skill      XL: |  1  2  3  4  5  6  7 |
---------------+----------------------+-----
Crossbows      | 2 3 4 5 6 7 |  7.1
Fighting       | |  4.0
Axes           | |  1.0
Armour         | |  2.0
Shields        | |  1.1
Evocations     | |  1.0

Action                   |  1- 3 |  4- 6 |  7- 9 || total
-------------------------+-------+-------+-------++-------
Melee: Dagger            |       |     2 |       ||     2
       Hand crossbow     |       |     1 |       ||     1
 Fire: Hand crossbow     |    64 |   155 |     5 ||   224
  Use: Scroll            |       |     2 |     1 ||     3
  Eat: Chunk             |       |     7 |     1 ||     8
Armor: Ring mail         |    15 |    47 |       ||    62
Dodge: Dodged            |    16 |    32 |       ||    48
Block: Shield            |    11 |    28 |       ||    39
       Buckler           |       |     4 |       ||     4
